Map: Dreamcatcher LE

Players

destroyerguy - Winner!

  • Race: Protoss Protoss
  • League: Bronze
  • Spawn Location: 5:00

theone

  • Race: Protoss Protoss
  • League: Bronze
  • Spawn Location: 11:00

VOD

Have the link to the VOD?

Description

Learn how to beat your opponents in bronze with the simplest army ever!!

Time

  • Played on: June 2, 2018, 7:25 a.m.
  • Length: 20:15
Show
View Real Time Build Order
Export as new Build Order

destroyerguy Protoss - Winner!

Build Orders: Double Forge, Blink Stalkers 

Get SALT Encoding   

  12  0:01  Probe  
  13  0:20  Pylon  
  13  0:25  Probe  
  14  0:37  Probe  
  15  0:43  Gateway  
  15  0:49  Assimilator, Probe  
  16  0:55  Assimilator  
  16  1:04  Probe  
  17  1:22  Probe  
  18  1:33  Cybernetics Core  
  18  1:34  Probe  
  18  1:35  Pylon  
  19  1:44  Gateway  
  19  1:48  Probe  
  20  1:55  Warp Gate  
  20  2:00  Probe  
  21  2:12  Probe  
  22  2:24  Probe  
  23  2:36  Probe  
  24  2:37  Twilight Council  
  24  2:42  Gateway  
  24  2:44  Gateway  
  24  2:49  Probe  
  25  2:52  Pylon  
  25  2:58  Pylon  
  25  3:05  Blink  
  25  3:27  Forge  
  25  3:29  Forge  
  25  3:49  Nexus  
  25  3:57  Pylon  
  25  4:03  Pylon  
  25  4:09  Assimilator  
  25  4:11  Assimilator  
  25  4:24  Pylon  
  25  4:28  Gateway  
  25  4:39  Gateway  
  25  4:45  Gateway  
  25  5:00  Probe  
  25  5:03  Protoss Ground Weapons Level 1  
  25  5:04  Protoss Ground Armor Level 1  
  26  5:08  Probe  
  27  5:18  Probe  
  28  5:30  Probe  
  29  5:42  Probe  
  30  5:54  Probe  
  30  5:56  Pylon  
  31  5:59  Stalker x4  
  31  6:00  Stalker x2  
  31  6:03  Probe  
  44  6:11  Probe  
  44  6:17  Protoss Air Weapons Level 1  
  45  6:21  Probe  
  45  6:23  Cybernetics Core  
  46  6:33  Probe  
  47  6:45  Probe  
  48  6:52  Dark Shrine  
  48  6:53  Protoss Ground Weapons Level 2  
  48  6:54  Protoss Ground Armor Level 2  
  48  6:59  Stargate x2  
  48  7:12  Stalker x2  
  48  7:13  Stalker x2  
  48  7:14  Stalker  
  58  7:23  Probe  
  59  7:35  Probe  
  60  7:43  Protoss Air Armor Level 1  
  60  7:47  Probe  
  60  7:49  Void Ray  
  65  7:59  Probe  
  66  8:11  Probe  
  67  8:23  Probe  
  68  8:32  Dark Templar x3  
  74  8:36  Stalker x2, Probe  
  79  8:48  Probe  
  80  9:18  Protoss Ground Weapons Level 3  
  80  9:20  Protoss Ground Armor Level 3  
  78  9:57  Fleet Beacon  
  78  10:06  Shield Battery  
  78  10:10  Shield Battery  
  78  10:15  Robotics Facility  
  78  10:20  Void Ray x2  
  86  10:36  Protoss Air Weapons Level 2  
  86  10:37  Protoss Air Armor Level 2  
  86  10:38  Nexus  
  86  10:42  Assimilator  
  86  10:46  Assimilator  
  86  10:50  Pylon  
  86  10:53  Pylon  
  86  10:55  Pylon  
  86  11:00  Pylon  
  86  11:02  Pylon  
  86  11:04  Pylon  
  86  11:06  Void Ray  
  86  11:07  Pylon  
  86  11:08  Pylon  
  90  11:12  Pylon  
  90  11:26  Pylon  
  90  11:28  Pylon  
  90  11:30  Pylon  
  90  11:32  Pylon  
  90  11:43  Archon  
  90  11:46  Dark Templar x2  
  90  11:47  Dark Templar x2  
  96  11:53  Archon x2  
  98  12:13  Probe  
  99  12:25  Probe  
  100  12:37  Probe  
  100  12:41  Stalker x5  
  100  12:43  Stalker x2  
  115  12:49  Probe  
  116  12:53  Void Ray x2  
  124  13:01  Probe  
  125  13:18  Protoss Air Weapons Level 3  
  125  13:22  Protoss Air Armor Level 3  
  125  13:26  Probe  
  126  13:38  Probe  
  127  13:50  Probe  
  127  13:51  Protoss Shields Level 1  
  128  13:57  Void Ray  
  128  14:02  Probe  
  133  14:17  Stalker  
  133  14:18  Stalker  
  133  14:19  Stalker x4  
  133  14:20  Stalker  
  147  15:05  Probe  
  148  15:48  Protoss Shields Level 2  
  148  15:51  Nexus  
  148  15:53  Pylon  
  148  15:54  Assimilator  
  148  15:55  Assimilator, Pylon  
  148  16:02  Observer  
  149  16:12  Dark Templar x4  
  149  16:13  Dark Templar x3  
  163  16:20  Archon x3  
  163  16:24  Observer  
  164  16:45  Observer  
  165  16:56  Dark Templar  
  167  17:05  Archon  
  167  17:07  Observer  
  168  17:10  Void Ray x2  
  168  17:13  Stalker x4  
  168  17:14  Stalker x2  
  188  17:51  Void Ray  
  192  18:13  Probe  
  193  18:25  Probe  
  194  18:33  Void Ray  
  198  18:38  Probe  
  199  18:50  Probe  
Show
View Real Time Build Order
Export as new Build Order

theone Protoss 

Build Orders:  

Get SALT Encoding   

  12  0:35  Probe  
  13  0:47  Probe  
  14  0:55  Pylon  
  14  0:59  Probe  
  15  1:10  Pylon  
  15  1:13  Probe  
  16  1:32  Probe  
  17  1:44  Probe  
  17  1:46  Gateway  
  18  1:56  Probe  
  19  2:06  Assimilator  
  19  2:08  Probe  
  19  2:13  Forge  
  20  2:25  Probe  
  21  2:36  Zealot  
  23  2:37  Probe  
  24  2:48  Assimilator  
  24  2:49  Probe  
  25  3:01  Cybernetics Core  
  25  3:03  Zealot  
  27  3:09  Pylon  
  27  3:24  Photon Cannon  
  27  3:42  Pylon  
  27  4:04  Stargate  
  27  4:09  Adept  
  29  4:35  Pylon  
  29  4:37  Adept  
  31  5:01  Photon Cannon  
  31  5:04  Adept  
  33  5:20  Photon Cannon  
  33  5:24  Void Ray  
  37  5:31  Adept  
  39  5:40  Nexus  
  39  5:51  Protoss Air Weapons Level 1  
  39  5:54  Protoss Ground Weapons Level 1  
  39  5:58  Adept  
  41  6:07  Void Ray  
  45  6:50  Void Ray  
  49  6:59  Robotics Facility  
  49  7:22  Probe, Photon Cannon  
  50  7:34  Probe  
  51  7:39  Assimilator  
  51  7:46  Probe  
  52  8:01  Probe  
  53  8:13  Probe  
  53  8:16  Pylon  
  54  8:20  Pylon  
  54  8:23  Protoss Air Armor Level 1  
  54  8:25  Probe  
  54  8:26  Protoss Ground Armor Level 1  
  55  8:31  Immortal  
  59  8:41  Assimilator  
  59  8:47  Probe  
  60  8:51  Void Ray  
  64  8:59  Probe  
  65  9:11  Immortal  
  65  9:12  Probe  
  70  9:18  Fleet Beacon  
  70  9:24  Probe  
  71  9:34  Void Ray  
  71  9:36  Probe  
  76  9:50  Stargate  
  76  10:00  Photon Cannon  
  76  10:06  Immortal  
  80  10:17  Void Ray  
  84  10:30  Probe  
  85  10:45  Observer  
  86  11:02  Protoss Air Weapons Level 2  
  86  11:06  Protoss Shields Level 1  
  86  11:23  Pylon  
  86  11:26  Pylon  
  86  11:32  Pylon  
  86  11:41  Observer  
  87  11:49  Void Ray x2  
  95  12:32  Observer  
  96  12:46  Carrier x2  
  108  12:53  Graviton Catapult  
  108  13:00  Pylon  
  108  13:06  Pylon  
  108  13:10  Pylon  
  108  13:28  Observer  
  109  13:34  Nexus  
  109  13:40  Mothership  
  117  13:50  Pylon  
  117  13:54  Pylon  
  117  13:57  Pylon  
  117  14:01  Pylon  
  117  14:10  Pylon  
  117  14:20  Stargate  
  117  14:28  Stargate  
  117  14:37  Protoss Air Armor Level 2  
  117  14:52  Assimilator, Probe  
  118  15:04  Probe  
  119  15:08  Observer  
  120  15:15  Carrier x2  
  120  15:16  Probe  
  133  15:29  Observer, Probe  
  135  15:41  Probe  
  135  15:42  Assimilator  
  136  15:53  Probe  
  137  16:05  Probe  
  138  16:52  Pylon  
  138  17:04  Twilight Council  
  138  17:16  Tempest x2  
  150  17:55  Carrier x2  
  162  18:29  Nexus  
Tags
 
Composition
Blink Stalkers
Matchup
PvP
Spawn Locations
Cross Positions
Add a new tag
Caveats
  • Supply blocks, unpowered buildings, or Contaminate may cause inaccurate times.
  • Supply counts are checked every 10 seconds.